 Dungeon Crawl Stone Soup version 0.20-a0-350-ga83eecc (webtiles) character file.

30 snakesoul the Firebug (level 3, -1/19 HPs)
             Began as a Deep Elf Fire Elementalist on Dec 24, 2016.
             Slain by an adder (2 damage)
             ... on level 2 of the Dungeon.
             The game lasted 00:02:16 (1002 turns).

snakesoul the Firebug (Deep Elf Fire Elementalist)  Turns: 1002, Time: 00:02:16

Health: -1/19      AC:  3    Str:  5    XL:     3   Next: 5%
Magic:  0/10       EV: 13    Int: 20    God:
Gold:   42         SH:  0    Dex: 15    Spells: 5/9 levels left

rFire  . . .     SeeInvis .     m - +0 spear
rCold  . . .     Gourm    .     a - +0 robe
rNeg   . . .     Faith    +     (no shield)
rPois  .         Spirit   .     (no helmet)
rElec  .         Reflect  .     (no cloak)
rCorr  .         Harm     .     p - +0 pair of gloves
MR     .....                    (no boots)
Stlth  ++........               o - amulet of faith
                                (no ring)
                                (no ring)

@: lethally poisoned (-1 -> -14), very slightly contaminated
A: no striking features
a: no special abilities


You were on level 2 of the Dungeon.
You were not hungry.

You visited 1 branch of the dungeon, and saw 2 of its levels.

You collected 42 gold pieces.

Inventory:

Hand Weapons
 m - a +0 spear (weapon)
Armour
 a - a +0 robe (worn)
 p - a +0 pair of gloves (worn)
Jewellery
 o - an amulet of faith (around neck)
Scrolls
 e - a scroll of magic mapping {unknown}
 f - 2 scrolls of identify {unknown}
 g - 2 scrolls of teleportation {unknown}
 j - 3 scrolls of remove curse {unknown}
 r - a scroll of fear {unknown}
Potions
 d - a potion of lignification {unknown}
 k - a potion of heal wounds {unknown}
 n - a potion of cancellation {unknown}
 q - a potion of curing {unknown}
Books
 b - a book of Flames

   Spells                             Type                      Level
   a - Flame Tongue                   Conjuration/Fire             1
   b - Throw Flame                    Conjuration/Fire             2
   c - Conjure Flame                  Conjuration/Fire             3
   d - Inner Flame                    Hexes/Fire                   3
   e - Sticky Flame                   Conjuration/Fire             4
   f - Fireball                       Conjuration/Fire             5
Comestibles
 c - a bread ration
 h - 2 fruits
 i - a chunk of flesh
 l - a meat ration


   Skills:
 - Level 2.4 Dodging
 - Level 2.4 Stealth
 + Level 3.5 Spellcasting
 * Level 2.1 Conjurations
 + Level 3.8 Fire Magic


You had 5 spell levels left.
You knew the following spells:

 Your Spells              Type           Power        Failure   Level  Hunger
a - Flame Tongue          Conj/Fire      ###..        4%          1    None
b - Conjure Flame         Conj/Fire      ###.....     14%         3    ###....


Dungeon Overview and Level Annotations

Branches:
Dungeon (2/15)

Altars:


Message History

Press: ? - help, Shift-Dir - straight line, f/p - adder
Aim: an adder (moderately wounded)
You miscast Flame Tongue.
Nothing appears to happen.
The adder bites you.
You are lethally poisoned!
The adder poisons you!
Casting: Flame Tongue
Confirm with . or Enter, or press ? or * to list all spells.
You don't have enough magic to cast that spell.
Unknown command.
You closely miss the adder.
The adder is moderately wounded.
You feel sick. The adder bites you.
* * * LOW HITPOINT WARNING * * *
You are more poisoned.
The adder poisons you! The adder barely misses you.
You hit the adder.
The adder is severely wounded.
* * * LOW HITPOINT WARNING * * *
You feel sick. The adder bites you.
You die...

... #.#.#.#.#>....##..###
.... #.#.#.........##.##
..... #...#...####.....#
......##.....####..#...(#
..r......††..###..#####...
..##.......#.....## ##
##....#......##
..........#)...##
#.###...##....@S.##### ..
.....#...#..#.....# #
........##########..#
.<.....# .. ... ..


You could see an adder.

Vanquished Creatures
  An ooze (D:1)
  A dart slug (D:2)
  A giant cockroach (D:1)
  2 goblins
  A hobgoblin (D:1)
  4 jackals (D:2)
  A quokka (D:2)
  4 bats
  2 frilled lizards (D:1)
  A kobold (D:2)
  7 rats
25 creatures vanquished.

Notes
Turn   | Place    | Note
-------+----------+-------------------------------------------
     0 | D:1      | snakesoul the Deep Elf Fire Elementalist began the quest for the Orb.
     0 | D:1      | Reached XP level 1. HP: 10/10 MP: 6/6
   274 | D:1      | Reached XP level 2. HP: 15/15 MP: 4/8
   856 | D:2      | Reached XP level 3. HP: 4/19 MP: 0/10
   941 | D:2      | Learned a level 3 spell: Conjure Flame
  1002 | D:2      | Slain by an adder

Vault maps used:
D:1:      mrwooster_arrival_statue_2
D:2:      cheibriados_altar_1, nicolae_overflow_crystal_walls,
          corexii_corridor_pit

Skill      XL: |  1  2 |
---------------+-------+-----
Conjurations   | 2 |  2.1
Dodging        | |  2.4
Stealth        | |  2.4
Spellcasting   | |  3.5
Fire Magic     | |  3.8

Action                   || total
-------------------------++-------
Melee: Spear             ||    24
 Cast: Flame Tongue      ||    36
 Stab: Sleeping          ||     1
Armor: Robe              ||    11
Dodge: Dodged            ||    33
